 Dungeon Crawl Stone Soup version 0.29-a0-613-gf2c431b9b9 (webtiles) character file.

Game seed: 11160614380592528497

67 bande the Shield-Bearer (level 4, -3/29 HPs)
             Began as a Gargoyle Fighter on June 16, 2022.
             Killed from afar by Grinder (10 damage)
             ... with a bolt of dispelling energy
             ... on level 3 of the Dungeon.
             The game lasted 00:03:10 (2054 turns).

bande the Shield-Bearer (Gargoyle Fighter)          Turns: 2054, Time: 00:03:10

Health: -3/29      AC: 14    Str: 20    XL:     4   Next: 16%
Magic:  4/4        EV:  7    Int:  8    God:
Gold:   1229       SH:  4    Dex: 11    Spells: 1/3 levels left

rFire   . . .      SeeInvis .   a - +1 war axe (venom)
rCold   . . .      Faith    .   c - +0 buckler
rNeg    + . .      Spirit   .   j - +0 chain mail
rPois   ∞          Reflect  .   (no helmet)
rElec   +          Harm     .   (no cloak)
rCorr   .          Rampage  .   (no gloves)
Will    .....                   q - +0 pair of boots
Stlth   ..........              (no amulet)
HPRegen 0.09/turn               (no ring)
MPRegen 0.09/turn               (no ring)

@: no status effects
A: sickness immunity, AC +3, negative energy resistance 1, electricity
resistance, torment resistance 1, petrification resistance
a: no special abilities


You were on level 3 of the Dungeon.
You visited 1 branch of the dungeon, and saw 3 of its levels.

You collected 1229 gold pieces.

Inventory:

Hand Weapons
 a - a +1 war axe of venom (weapon)
Armour
 c - a +0 buckler (worn)
 j - a +0 chain mail (worn)
 q - a +0 pair of boots (worn)
Jewellery
 h - a ring of fire
Scrolls
 b - a scroll of teleportation
Potions
 d - a potion of might
 e - a potion of heal wounds {unknown}
 g - 2 potions of resistance
 i - 2 potions of haste
 k - 2 potions of cancellation
 l - 2 potions of curing
 m - a potion of ambrosia {unknown}
 n - a potion of berserk rage {unknown}


   Skills:
 + Level 3.7 Fighting
 + Level 2.5 Axes
 + Level 3.7 Armour
 + Level 3.8 Shields
 * Level 0.8 Translocations


You had one spell level left.
You knew the following spells:

 Your Spells              Type           Power      Damage    Failure   Level
a - Blink                 Tloc           2%         N/A       99%         2

Your spell library contained the following spells:

 Spells                   Type           Power      Damage    Failure   Level
 Lesser Beckoning         Tloc           1%         N/A       100%        3
 Manifold Assault         Tloc           1%         N/A       100%        5


Dungeon Overview and Level Annotations

Branches:
Dungeon (3/15)

Altars:

Shops:
D:3 !

Annotations:
D:3 2 transporters, Grinder


Innate Abilities, Weirdness & Mutations

You are immune to sickness and miasma.
Your stone body is resilient. (AC +3)
You are immune to poison.
You resist negative energy. (rN+)
You are resistant to electric shocks. (rElec)
You are resistant to unholy torment.
You are immune to petrification.


Message History

You miss the adder.
The adder is severely wounded.
You closely miss Grinder. The adder bites you but does no damage.
Grinder barely misses you. The adder bites you.
You miss the adder.
The adder is severely wounded.
You barely miss Grinder. Grinder gestures at you.
You resist with significant effort. The adder bites you but does no damage.
Grinder hits you but does no damage. The adder bites you but does no damage.
You barely miss the adder.
The adder is almost dead.
You hit Grinder.
Grinder is poisoned.
You block the adder's attack. Grinder gestures at you.
Pain shoots through your body!
You slash the adder!
You kill the adder!
You hit Grinder. Grinder hits you but does no damage. x2
You hit Grinder.
Grinder looks even sicker.
Grinder is moderately wounded.
You block Grinder's attack.
You barely miss Grinder.
Grinder is moderately wounded.
Grinder gestures at you. You resist with significant effort.
Unknown command.
You barely miss Grinder.
Grinder is moderately wounded.
Grinder zaps a wand.
The bolt of dispelling energy hits you! You block Grinder's attack.
You slash Grinder!
Grinder is almost dead.
Grinder gestures at you. Pain shoots through your body!
* * * LOW HITPOINT WARNING * * *
You barely miss Grinder.
Grinder is almost dead.
Grinder hits you but does no damage.
Grinder zaps a wand.
The bolt of dispelling energy hits you!
You die...

≈≈≈≈P#..#...# ###
≈♣≈P≈+[©#©..# #..
≈≈≈≈S#..#..## #.#
≈≈≈≈S#P8#.## #.#
#########.# #.#
........######.##
................#
##############..#
#@.# #†5# ...#
..8.# .##..# #.
.∩.8 # #<.. .8..#


You could see Grinder (very poisoned).

Vanquished Creatures
  2 adders (D:3)
  A dart slug (D:2)
  7 endoplasms
  2 giant cockroaches (D:2)
  6 goblins
  2 hobgoblins (D:2)
  3 quokkas
  2 ball pythons
  5 bats
  A frilled lizard (D:1)
  2 kobolds (D:1)
  12 rats
45 creatures vanquished.

Notes
Turn   | Place    | Note
-------+----------+-------------------------------------------
     0 | D:1      | bande the Gargoyle Fighter began the quest for the Orb.
     0 | D:1      | Reached XP level 1. HP: 14/14 MP: 1/1
   234 | D:1      | Reached XP level 2. HP: 18/19 MP: 2/2
  1276 | D:2      | Reached XP level 3. HP: 23/23 MP: 3/3
  1279 | D:2      | Learned a level 2 spell: Blink
  1313 | D:2      | Identified a scroll of acquirement
  1313 | D:2      | Acquired 1082 gold pieces
  1991 | D:3      | Found a transporter.
  1997 | D:3      | Found a transporter.
  2015 | D:3      | Reached XP level 4. HP: 29/29 MP: 4/4
  2037 | D:3      | Found Hyfid's Distillery.
  2039 | D:3      | Noticed Grinder
  2054 | D:3      | Killed from afar by Grinder

Illustrated notes

Levels and vault maps discovered:
D:1:      dpeg_arrival_rhombus, layout_basic, grunt_decor_one_mirror,
          minmay_cupped
D:2:      layout_rooms, minmay_misc_feat_ornament, kennysheep_generic_room_13
D:3:      gammafunk_steamed_eel, layout_basic, serial_shops,
          nicolae_shop_statue_plus, st_stairs_6, uniq_grinder

Skill      XL: |  1  2 |
---------------+-------+-----
Axes           | 2 |  2.5
Fighting       | |  3.7
Armour         | |  3.7
Shields        | |  3.8
Translocations | |  0.8

Action                   |  1- 3 |  4- 6 || total
-------------------------+-------+-------++-------
Melee: War axe           |   102 |    14 ||   116
  Use: Scroll            |    11 |       ||    11
Armor: Scale mail        |    32 |       ||    32
       Chain mail        |    25 |    14 ||    39
Dodge: Dodged            |    54 |     4 ||    58
Block: Buckler           |    25 |     3 ||    28

Table legend: (Time is in decaauts)
 A = Elapsed time spent in this place.
 B = Non-inter-level travel time spent in this place.
 C = Inter-level travel time spent in this place.
 D = Time resting spent in this place.
 E = Time spent auto-exploring this place.
 F = Levels seen in this place.
 G = Mean time per level.
                   A        B        C        D        E       F      G
               +--------+--------+--------+--------+--------+-----+--------+
         Total |   2104 |   2055 |     49 |      0 |   1653 |   3 |  701.3 |
       Dungeon |   2104 |   2055 |     49 |      0 |   1653 |   3 |  701.3 |
               +--------+--------+--------+--------+--------+-----+--------+

Top non-repeatable levels by time:
     D:1: 1297 daAuts
     D:2: 650 daAuts
     D:3: 156 daAuts
